 Dungeon Crawl Stone Soup version 0.22.1-1-ga44c0e56f4 (webtiles) character file.

17903 Lisan the Impaler (level 12, -10/111 HPs)
             Began as a Minotaur Berserker on Oct 3, 2018.
             Was a High Priest of Trog.
             Blown up by an orb spider (33 damage)
             ... with an orb of destruction
             ... on level 4 of the Lair of Beasts.
             The game lasted 01:11:18 (14761 turns).

Lisan the Impaler (Minotaur Berserker)             Turns: 14761, Time: 01:11:19

Health: -10/111    AC: 17    Str: 26    XL:     12   Next: 23%
Magic:  11/11      EV: 13    Int:  4    God:    Trog [*****.]
Gold:   751        SH:  0    Dex: 11    Spells: 11/11 levels left

rFire    . . .     SeeInvis .   W - +0 quarterstaff (crush)
rCold    . . .     Gourm    .   (shield currently unavailable)
rNeg     . . .     Faith    .   R - +0 plate armour
rPois    +         Spirit   .   (helmet restricted)
rElec    .         Reflect  .   (no cloak)
rCorr    .         Harm     .   E - +0 pair of gloves
MR       .....                  (no boots)
Stlth    ..........             (no amulet)
HPRegen  0.28/turn              G - ring of poison resistance
MPRegen  0.12/turn              N - +3 ring of evasion

@: no status effects
A: retaliatory headbutt, horns 2
a: Berserk, Trog's Hand, Brothers in Arms, Renounce Religion


You were on level 4 of the Lair of Beasts.
You worshipped Trog.
Trog was extremely pleased with you.
You were not hungry.

You visited 2 branches of the dungeon, and saw 13 of its levels.
You also visited: Sewer and Ice Cave.

You collected 751 gold pieces.

Inventory:

Hand Weapons
 a - a +0 spear
 p - a +4 antimagic spear
 A - a +0 halberd
 F - a +0 trident
 L - a +0 scythe
 W - a +0 quarterstaff of crushing (weapon)
 Z - a +2 halberd
Missiles
 j - 273 stones (quivered)
 B - 118 arrows
Armour
 E - a +0 pair of gloves (worn)
 R - a +0 plate armour (worn)
Jewellery
 k - an uncursed ring of fire {unknown}
 G - a ring of poison resistance (left hand)
 N - a +3 ring of evasion (right hand)
 Q - an uncursed ring of stealth
 T - an uncursed ring of see invisible
 Y - an uncursed ring of fire {unknown}
Wands
 o - a wand of paralysis (10)
 z - a wand of scattershot (4)
Scrolls
 e - a scroll of summoning
 f - 2 scrolls of fog {unknown}
 g - 3 scrolls of amnesia {unknown}
 h - 2 scrolls of magic mapping {unknown}
 m - a scroll of immolation {unknown}
 n - a scroll of holy word {unknown}
 r - 3 scrolls of fear
 s - 2 scrolls of remove curse
 u - 3 scrolls of teleportation
 y - 2 scrolls of blinking {unknown}
 D - a scroll of random uselessness {unknown}
 I - a scroll of enchant armour {unknown}
 P - 3 scrolls of enchant weapon {unknown}
 U - a scroll of identify
Potions
 d - 5 potions of flight
 i - 2 potions of heal wounds {unknown}
 l - a potion of cancellation {unknown}
 q - 3 potions of magic
 t - a potion of ambrosia {unknown}
 v - 3 potions of haste
 w - a potion of might {unknown}
 x - a potion of degeneration {unknown}
 J - a potion of mutation {unknown}
 K - 3 potions of brilliance
 M - a potion of resistance
 O - 6 potions of curing
 S - a potion of invisibility {unknown}
 V - 2 potions of berserk rage {unknown}
 X - 2 potions of lignification {unknown}
Comestibles
 b - 6 chunks of flesh
 c - 18 rations


   Skills:
 + Level 11.7 Fighting
 + Level 15.0(15.3) Polearms
 + Level 4.8(11.1) Staves
 + Level 12.8 Armour
 + Level 4.8 Dodging
 + Level 1.3 Stealth


You had 11 spell levels left.
You didn't know any spells.
Your spell library was empty.

Dungeon Overview and Level Annotations

Branches:
Dungeon (9/15)             Temple (0/1) D:5            Lair (4/6) D:9
  Swamp (0/4) Lair:4       Spider (0/4) Lair:4
    Orc: D:9-12

Altars:
Gozag
Okawaru

Shops:
D:4 %

Annotations:
Lair:2 1 runed door, exclusion: oklob plant, Ivadekk's ghost, journeyman DrTm


Innate Abilities, Weirdness & Mutations

You reflexively headbutt those who attack you in melee.
You have a pair of horns on your head.


Message History

The orb spider pulsates with a strange energy.
You hit the orb spider.
The orb spider is lightly wounded.
You are caught in the web!
The orb spider weaves a glowing orb of energy.
The wavering orb of destruction weakly hits you!
* * * LOW HITPOINT WARNING * * *
There is a web here.
You disentangle yourself.
You feel the effects of Trog's Hand fading.
The orb spider spins a strand of pure energy.
You are caught in the web!
The orb spider weaves a glowing orb of energy.
An orb of destruction comes into view.
There is a web, spattered with blood here.
You disentangle yourself.
Your skin stops crawling.
You feel less resistant to hostile enchantments.
The orb of destruction hits you!
You die...

##### ###...######
#####.##.......####
##
.........###..s#..#
... ≈≈≈....###
#.#§.@.# ....## ##
#≈≈...#########§^##
........##.
≈≈≈...##.....^....#
...........
≈≈≈...##'≈≈≈..#^#.#
...........
......#..^≈≈#^#.#.#
.....P....
......##>^≈##..##.#
#..#.....
......##..≈..#.# .#
#...#....
......##'≈≈.#..# ##
##.#.....
......##.........
#........


You could see an orb spider.

Vanquished Creatures
  Nergalle (Lair:2)
  An elephant (D:9)
  4 black mambas
  4 spiny frogs
  3 rime drakes
  2 komodo dragons
  2 polar bears (Lair:3)
  A hornet (D:8)
  Prince Ribbit (Lair:1)
  10 blink frogs
  5 hippogriffs
  12 yaks
  A vampire (D:7)
  A wyvern (Lair:2)
  2 basilisks (Lair:2)
  3 water moccasins
  9 porcupines
  11 ice beasts (IceCv)
  3 orc warriors
  An eye of draining (D:8)
  2 sky beasts (D:9)
  6 ogres
  11 crocodiles
  A big kobold (D:8)
  9 bullfrogs
  2 wyvern skeletons (D:8)
  4 scorpions
  3 killer bees (D:8)
  8 wights
  2 howler monkeys
  7 crimson imps
  A bullfrog zombie (D:8)
  2 centaur zombies (D:5)
  A jelly (D:5)
  A bullfrog skeleton (D:8)
  7 hounds
  4 orc priests (D:6)
  A gnoll shaman (D:4)
  5 orc wizards
  2 centaur skeletons
  3 iguanas
  7 worker ants
  A hound skeleton (D:6)
  3 howler monkey zombies
  Robin (D:4)
  A worker ant zombie (D:6)
  5 gnolls (D:4)
  9 adders
  14 oozes
  An adder skeleton (D:5)
  2 worms
  5 dart slugs
  9 leopard geckos
  24 orcs
  15 giant cockroaches
  9 goblins
  10 hobgoblins
  8 jackals
  14 kobolds
  3 quokkas
  7 ball pythons
  5 bats
  19 frilled lizards
  A leopard gecko zombie (D:5)
  A quokka zombie (D:7)
  5 rats
  A bush (Lair:1)
  8 fungi
  4 plants
351 creatures vanquished.

Vanquished Creatures (collateral kills)
  A spiny frog (Lair:3)
1 creature vanquished.

Vanquished Creatures (others)
  3 fungi
  A plant (D:9)
4 creatures vanquished.

Grand Total: 356 creatures vanquished

Notes
Turn   | Place    | Note
-------+----------+-------------------------------------------
     0 | D:1      | Lisan the Minotaur Berserker began the quest for the Orb.
     0 | D:1      | Reached XP level 1. HP: 19/19 MP: 0/0
    95 | D:1      | HP: 1/20 [leopard gecko (4)]
   520 | D:1      | Reached XP level 2. HP: 27/27 MP: 1/1
   521 | D:1      | Reached skill level 4 in Polearms
   796 | D:1      | Reached XP level 3. HP: 34/34 MP: 2/2
  1151 | D:1      | Reached ** piety under Trog
  2130 | D:3      | Reached XP level 4. HP: 33/41 MP: 3/3
  2797 | D:4      | Noticed Robin
  2807 | D:4      | Killed Robin
  2807 | D:4      | Reached *** piety under Trog
  2897 | D:4      | Found Awnehobi's Food Emporium.
  2911 | D:4      | Reached skill level 5 in Fighting
  2933 | D:4      | Found a glowing drain.
  2938 | D:4      | Reached XP level 5. HP: 48/48 MP: 4/4
  2987 | Sewer    | Entered a sewer
  2991 | Sewer    | Reached skill level 5 in Polearms
  3280 | Sewer    | Reached **** piety under Trog
  3566 | Sewer    | Reached XP level 6. HP: 56/56 MP: 5/5
  3578 | Sewer    | Reached skill level 6 in Polearms
  4067 | D:4      | Reached skill level 5 in Armour
  4067 | D:4      | Reached XP level 7. HP: 62/62 MP: 6/6
  4510 | D:5      | Entered Level 5 of the Dungeon
  4627 | D:5      | Reached skill level 7 in Polearms
  4628 | D:5      | Found an iron altar of Okawaru.
  4845 | D:5      | HP: 3/63 [poisoned by a water moccasin]
  5257 | D:5      | Reached XP level 8. HP: 71/71 MP: 7/7
  5328 | D:5      | Reached skill level 8 in Polearms
  5330 | D:5      | Found a staircase to the Ecumenical Temple.
  6149 | D:6      | Reached skill level 9 in Polearms
  6701 | D:7      | Noticed a hippogriff
  6710 | D:7      | Killed a hippogriff
  6710 | D:7      | Reached skill level 10 in Polearms
  6710 | D:7      | Reached skill level 1 in Staves
  6710 | D:7      | Reached XP level 9. HP: 74/79 MP: 8/8
  7196 | D:7      | Reached skill level 1 in Stealth
  7515 | D:8      | Reached ***** piety under Trog
  7626 | D:8      | Got a vibrating copper ring
  7911 | D:8      | Reached skill level 11 in Polearms
  7917 | D:8      | Identified the Guide on Clay and Intoxication
  8002 | D:8      | Reached XP level 10. HP: 87/88 MP: 9/9
  8541 | D:9      | Reached skill level 10 in Armour
  8732 | D:9      | Noticed an elephant
  8739 | D:9      | Killed an elephant
  8774 | D:9      | Reached skill level 12 in Polearms
  8788 | D:9      | Found a staircase to the Lair.
  8883 | Lair:1   | Entered Level 1 of the Lair of Beasts
  8883 | Lair:1   | Noticed Prince Ribbit
  8890 | Lair:1   | Killed Prince Ribbit
  9203 | Lair:1   | Noticed a black mamba
  9214 | Lair:1   | Killed a black mamba
  9632 | Lair:1   | Reached skill level 10 in Fighting
  9790 | Lair:1   | Noticed a black mamba
  9802 | Lair:1   | Killed a black mamba
  9802 | Lair:1   | Reached skill level 13 in Polearms
  9802 | Lair:1   | Reached XP level 11. HP: 83/99 MP: 10/10
 10518 | Lair:2   | Found a runed door.
 10518 | Lair:2   | Noticed Ivadekk's ghost (journeyman DrTm)
 10818 | Lair:2   | Noticed an oklob plant
 10993 | Lair:2   | Noticed Nergalle
 11011 | Lair:2   | Killed Nergalle
 11011 | Lair:2   | Reached skill level 14 in Polearms
 11963 | Lair:3   | Found a frozen archway.
 11981 | IceCv    | Entered an ice cave
 13086 | Lair:3   | Reached XP level 12. HP: 103/110 MP: 11/11
 13981 | Lair:4   | Found an opulent altar of Gozag.
 14205 | Lair:4   | Reached skill level 15 in Polearms
 14214 | Lair:4   | Received a gift from Trog
 14254 | Lair:4   | Found a staircase to the Swamp.
 14716 | Lair:4   | Found a hole to the Spider Nest.
 14761 | Lair:4   | Blown up by an orb spider

Skill      XL: |  1  2  3  4  5  6  7  8  9 10 11 12 |
---------------+-------------------------------------+-----
Fighting       | 4 5 6 7 8 10 11 | 11.7
Polearms       | 4 5 6 7 10 11 13 14 15 | 15.0
Armour         | 3 4 5 6 7 9 10 12 | 12.8
Dodging        | 3 4 |  4.8
Staves         | 1 4 |  4.8
Stealth        | 1 |  1.3

Action                   |  1- 3 |  4- 6 |  7- 9 | 10-12 || total
-------------------------+-------+-------+-------+-------++-------
Melee: Spear             |   108 |   234 |       |       ||   342
       Headbutt          |    11 |    36 |    63 |   124 ||   234
       Halberd           |       |     2 |    99 |   471 ||   572
       Trident           |       |       |    41 |       ||    41
       Scythe            |       |       |   102 |       ||   102
       Quarterstaff      |       |       |    75 |    26 ||   101
Invok: Trog's Hand       |       |     1 |     6 |     5 ||    12
       Berserk           |       |     1 |     3 |     3 ||     7
  Use: Scroll            |     2 |     1 |     7 |     5 ||    15
       Potion            |       |       |       |     1 ||     1
  Eat: Ration            |     1 |       |     5 |     6 ||    12
       Chunk             |       |     8 |     2 |     5 ||    15
Armor: Animal skin       |     4 |       |       |       ||     4
       Ring mail         |    16 |     3 |       |       ||    19
       Scale mail        |       |    81 |    31 |       ||   112
       Plate armour      |       |       |   145 |   223 ||   368
Dodge: Dodged            |    50 |   132 |   225 |   243 ||   650
